AoeStats
← AxingQuestions

Lombardia

507166879Analyzed
4v4 RM · 14d ago on Sep 16, 2026· 38m 33s· 8 players
Game mode
Random Map
Map size
Large (8 player)
Population
200
Speed
Normal
Resources
Standard
Victory
Conquest
Starting age
Dark Age
Ending age
Imperial Age
RankedLock teamsTeams togetherTeam positionsShared explorationLock speedFull tech treeHidden civsTurbo modeCheats
Victory
Defeat
🇧🇪 Hindustanis · Belgium
1341
+12
🇦🇷 Dravidians · Argentina
1316
+13
🇧🇷 Koreans · Brazil
1282
+14
🇦🇷 Franks · Argentina
1219
+17
🇦🇷 Lithuanians · Argentina
1274
-15
🇨🇴 Maya · Colombia
1266
-15
🇺🇸 Vikings · United States
1231
-13
🇨🇴 Franks · Colombia
1222
-13
TGF LordKYO
6:42 Loom
9:18 Feudal Age
10:21 Town Watch
11:29 Double-Bit Axe
12:28 Scale Barding Armor
19:42 Castle Age
17:55 Gold Mining
18:50 Forging
20:45 Chain Barding Armor
21:00 Iron Casting
21:04 Husbandry
23:37 Wheelbarrow
34:34 Imperial Age
33:12 Stone Mining
34:01 Gold Shaft Mining
33:27 Scale Mail Armor
32:49 Pikeman
33:14 Gambesons
33:30 Squires
33:15 Arson
34:56 Cavalier
36:13 Plate Barding Armor
36:39 Blast Furnace
35:50 Bow Saw
36:34 Hand Cart
36:17 Paladin
AxingQuestions
7:01 Loom
9:43 Feudal Age
10:46 Double-Bit Axe
13:47 Horse Collar
14:15 Fletching
16:04 Padded Archer Armor
17:13 Town Watch
23:19 Castle Age
23:55 Bodkin Arrow
24:16 Leather Archer Armor
24:10 Heavy Plow
24:22 Bow Saw
24:11 Gold Mining
23:49 Crossbowman
28:01 Town Patrol
30:14 Ballistics
29:35 Treadmill Crane
35:38 Imperial Age
34:09 Stone Mining
34:50 Pikeman
35:31 Squires
35:56 Arbalester
37:42 Chemistry
36:44 Bracer
PrimordiaL_
0:30 Loom
10:28 Feudal Age
11:46 Double-Bit Axe
18:14 Castle Age
16:35 Horse Collar
16:51 Fletching
17:24 Padded Archer Armor
18:24 Crossbowman
21:23 Leather Archer Armor
23:07 Ballistics
23:42 Bow Saw
23:13 Horse Collar
25:06 Heavy Plow
28:03 Bodkin Arrow
29:28 Thumb Ring
30:32 Gold Mining
34:19 Stone Mining
37:08 Town Watch
39:56 Imperial Age
damiansima
11:58 Feudal Age
16:17 Castle Age
14:17 Double-Bit Axe
14:13 Horse Collar
15:48 Scale Barding Armor
16:02 Gold Mining
17:46 Loom
18:12 Bow Saw
18:54 Chain Barding Armor
22:21 Heavy Plow
23:49 Bloodlines
23:59 Forging
23:55 Husbandry
24:40 Fervor
25:01 Bloodlines
27:40 Wheelbarrow
27:18 Forging
27:22 Town Watch
29:06 Iron Casting
29:28 Hand Cart
31:39 Fletching
32:24 Iron Casting
31:50 Padded Archer Armor
32:08 Elite Skirmisher
33:55 Bodkin Arrow
Alex jr
7:40 Loom
10:35 Feudal Age
11:06 Double-Bit Axe
13:14 Fletching
16:00 Wheelbarrow
20:55 Castle Age
19:46 Horse Collar
19:58 Gold Mining
21:05 Scale Mail Armor
21:00 Crossbowman
22:36 Bodkin Arrow
28:24 Bow Saw
28:15 Town Watch
29:34 Ballistics
35:48 Imperial Age
34:46 Husbandry
35:15 Thumb Ring
36:29 Heavy Plow
37:40 Chemistry
38:20 Two-Man Saw
38:34 Conscription
38:18 Bracer
Pryda
10:36 Feudal Age
14:37 Castle Age
12:23 Horse Collar
12:34 Double-Bit Axe
22:18 Bloodlines
22:09 Husbandry
24:32 Gold Mining
25:34 Scale Barding Armor
27:33 Gold Shaft Mining
30:15 Imperial Age
28:23 Heavy Plow
28:44 Bow Saw
29:35 Wheelbarrow
28:46 Town Watch
28:46 Loom
30:44 Chain Barding Armor
30:18 Heavy Camel Rider
31:17 Forging
31:31 Conscription
32:29 Imperial Camel Rider
35:04 Plate Barding Armor
35:08 Iron Casting
TekinNico23
11:07 Feudal Age
9:25 Loom
15:40 Castle Age
14:04 Double-Bit Axe
15:03 Scale Barding Armor
15:42 Forging
21:59 Husbandry
28:00 Chain Barding Armor
29:04 Iron Casting
30:00 Bow Saw
30:18 Gold Mining
33:37 Imperial Age
31:43 Wheelbarrow
33:42 Cavalier
34:58 Plate Barding Armor
34:28 Town Watch
36:40 Blast Furnace
37:01 Paladin
DGHIR | Miloss
7:30 Loom
9:59 Feudal Age
10:35 Double-Bit Axe
10:31 Horse Collar
15:55 Town Watch
17:05 Wheelbarrow
17:42 Gold Mining
18:16 Fletching
21:57 Castle Age
20:26 Padded Archer Armor
23:05 Hand Cart
23:50 Bodkin Arrow
24:40 Husbandry
30:28 Leather Archer Armor
31:31 Ballistics
33:57 Stone Mining
37:28 Imperial Age
37:57 Bow Saw
37:54 Heavy Plow
38:11 Bracer
37:36 Elite Elephant Archer
38:22 Thumb Ring
39:02 Ring Archer Armor
Connection lost

Rejoining the realm…

Still unreachable

The connection could not be restored.

Session expired

The server has moved on; the page needs a fresh start.